 Dungeon Crawl Stone Soup version 0.17.1-3-g152610e (webtiles) character file.

36 Gargoyl the Unweaver (level 3, -2/29 HPs)
             Began as a Demonspawn Abyssal Knight on Mar 24, 2016.
             Was a Follower of Lugonu.
             Slain by an adder (3 damage)
             ... on level 3 of the Dungeon.
             The game lasted 00:02:16 (1762 turns).

Gargoyl the Unweaver (Demonspawn Abyssal Knight)    Turns: 1762, Time: 00:02:17

Health: -2/29      AC:  8    Str: 13    XL:     3   Next: 19%
Magic:  5/5        EV:  6    Int: 13    God:    Lugonu [*.....]
Gold:   79         SH:  0    Dex: 12    Spells: 0 memorised, 2 levels left

rFire  . . .     SeeInvis +     r - +0 war axe
rCold  . . .     Clarity  .     q - +0 chain mail
rNeg   . . .     SustAt   .     (no shield)
rPois  .         Gourm    .     (no helmet)
rElec  .         Spirit   .     (no cloak)
rCorr  .         Warding  .     (no gloves)
rMut   .         Stasis   .     (no boots)
MR     .....                    (no amulet)
Stlth  ..........               (no ring)
                                j - ring of see invisible

@: lethally poisoned (-2 -> -10), not resistant to hostile enchantments,
extremely unstealthy
A: claws 2
a: Depart the Abyss, Renounce Religion


You were on level 3 of the Dungeon.
You worshipped Lugonu.
Lugonu was aware of your devotion.
You were not hungry.

You visited 1 branch of the dungeon, and saw 3 of its levels.
You visited the Abyss 1 time.

You collected 79 gold pieces.

Inventory:

Hand Weapons
 r - a +0 war axe (weapon)
Armour
 q - a +0 chain mail (worn)
Jewellery
 j - a ring of see invisible (left claw)
Scrolls
 b - a scroll of recharging {unknown}
 d - 2 scrolls of remove curse {unknown}
 e - 3 scrolls of teleportation {unknown}
 i - a scroll of fear {unknown}
 l - 2 scrolls of enchant armour {unknown}
 m - a scroll of amnesia {unknown}
 n - a scroll of identify {unknown}
Potions
 a - a potion of magic {unknown}
 f - a potion of lignification {unknown}
 g - 2 potions of agility {unknown}
 h - 2 potions of mutation {unknown}
 k - 3 potions of might {unknown}
 o - a potion of flight {unknown}
 p - a potion of cancellation {unknown}
 t - a potion of invisibility {unknown}
Comestibles
 c - a bread ration
 s - a slice of pizza


   Skills:
 + Level 3.3 Fighting
 + Level 2.1 Axes
 * Level 2.1 Armour
 + Level 1.1 Dodging
 + Level 0.2 Stealth
 + Level 3.3 Invocations


You had 2 spell levels left.
You didn't know any spells.

Dungeon Overview and Level Annotations

Branches:
Dungeon (3/15)

Altars:


Innate Abilities, Weirdness & Mutations

You have very sharp fingernails.


Message History

You miss the adder.
The adder is almost dead.
* * * LOW HITPOINT WARNING * * *
You feel sick. The adder barely misses you. The adder bites you.
* * * LOW HITPOINT WARNING * * *
You miss the adder.
The adder is almost dead.
* * * LOW HITPOINT WARNING * * *
You feel sick. The adder bites you.
* * * LOW HITPOINT WARNING * * *
Your chain mail prevents you from hitting the adder.
The adder is almost dead.
* * * LOW HITPOINT WARNING * * *
You feel sick. The adder bites you but does no damage.
The adder bites you but does no damage.
You closely miss the adder.
The adder is almost dead.
* * * LOW HITPOINT WARNING * * *
You feel sick. The adder bites you.
You die...

.##.#### ###.#
#....... #.#
#....... ###.####
#.......
.......####...).#
###..#..........##
#
##†#####.......##.#
#.# #>[....S...#
#.## #......@#
#..#####......#
#..#...####...#.#
##(.##...######)#
##. ###..# #...# #.
##.###.### ##
#[.....# #.......#
#......[#


You could see an adder.

Vanquished Creatures
  An adder (D:2)
  A ball python (D:2)
  6 bats
  A giant cockroach (D:3)
  3 hobgoblins
  A giant newt (D:1)
  2 goblins (D:1)
  5 kobolds
  A quokka (D:3)
  5 rats
26 creatures vanquished.

Vanquished Creatures (others)
  8 starspawn tentacle segments (Abyss:1)
8 creatures vanquished.

Grand Total: 34 creatures vanquished

Notes
Turn   | Place    | Note
--------------------------------------------------------------
     0 | Abyss:1  | Gargoyl the Demonspawn Abyssal Knight began the quest for the Orb.
     0 | Abyss:1  | Reached XP level 1. HP: 18/18 MP: 2/2
    48 | Abyss:1  | Noticed an ettin skeleton
    53 | Abyss:1  | Noticed a tentacled starspawn
    57 | D:1      | Escaped the Abyss
   509 | D:1      | Reached * piety under Lugonu
   680 | D:1      | Gained mutation: You have sharp fingernails. [demonic ancestry]
   680 | D:1      | Reached XP level 2. HP: 24/24 MP: 4/4
  1053 | D:2      | Reached skill level 1 in Dodging
  1269 | D:2      | Gained mutation: You have very sharp fingernails. [demonic ancestry]
  1269 | D:2      | Reached XP level 3. HP: 22/29 MP: 5/5
  1762 | D:3      | HP: 1/29 [poisoned by an adder]
  1762 | D:3      | Slain by an adder

Action                   || total
-------------------------++-------
Melee: Hand axe          ||    62
       War axe           ||    33
Invok: Depart the Abyss  ||     1
 Stab: Distracted        ||     1
  Eat: Bread ration      ||     1
